 Dungeon Crawl Stone Soup version 0.28.0-53-g5a82cb258f (webtiles) character file.

Game seed: 12821152545558914459

33 hawla the Digger (level 3, 0/14 HPs)
             Began as a Felid Earth Elementalist on May 26, 2022.
             Slain by a hobgoblin (4 damage)
             ... on level 1 of the Dungeon.
             The game lasted 00:03:28 (1460 turns).

hawla the Digger (Felid Earth Elementalist)         Turns: 1460, Time: 00:03:29

Health: 0/14       AC:  1    Str:  4    XL:     3   Next: 12%
Magic:  7/7        EV: 17    Int: 18    God:
Gold:   18         SH:  0    Dex: 16    Spells: 6/7 levels left
                                        Lives:  0   Deaths: 0

rFire   . . .      SeeInvis +   (weapon unavailable)
rCold   . . .      Faith    .   (shield unavailable)
rNeg    . . .      Spirit   .   (armour unavailable)
rPois   .          Reflect  .   (helmet unavailable)
rElec   .          Harm     .   (cloak unavailable)
rCorr   .          Rampage  .   (gloves unavailable)
Will    .....                   (boots unavailable)
Stlth   ++........              (no amulet)
HPRegen 0.04/turn               (no ring)
MPRegen 0.10/turn               (no ring)

@: quick
A: very small, claws 1, fangs 3, see invisible, speed 1, shaggy fur 1, stealthy
paws, no weapons or thrown items, no armour, multi-lived
a: no special abilities


You were on level 1 of the Dungeon.
You visited 1 branch of the dungeon, and saw 1 of its levels.

You collected 18 gold pieces.

Inventory:

Jewellery
 c - a ring of ice
Scrolls
 a - a scroll of fog {unknown}
 d - 2 scrolls of blinking


   Skills:
 + Level 3.0 Dodging
 + Level 2.7 Stealth
 + Level 0.1 Unarmed Combat
 + Level 2.6 Spellcasting
 + Level 1.1 Transmutations
 + Level 3.2 Earth Magic


You had 6 spell levels left.
You knew the following spells:

 Your Spells              Type           Power      Damage    Failure   Level
a - Sandblast             Erth           28%        2d8       4%          1

Your spell library contained the following spells:

 Spells                   Type           Power      Damage    Failure   Level
 Passwall                 Tmut/Erth      8%         N/A       11%         2
 Stone Arrow              Conj/Erth      16%        3d8       26%         3
 Petrify                  Tmut/Erth      10%        N/A       56%         4


Dungeon Overview and Level Annotations

Branches:
Dungeon (1/15)

Altars:


Innate Abilities, Weirdness & Mutations

You have sharp claws.
You have razor-sharp teeth.
You have supernaturally acute eyesight. (SInv)
You cover ground quickly. (Speed+)
You are covered in fur. (AC +1)
Your paws help you pounce on unaware monsters.
You are incapable of wielding weapons or throwing items.
You cannot wear armour.
You gain extra lives every three experience levels.


Message History

You see here a +0 dagger.
Found a stone staircase leading down.
Found a hand axe.
A rat comes into view.
A rat is nearby!
A rat is nearby!
You scratch the rat but do no damage. The rat barely misses you.
You scratch the rat but do no damage. The rat completely misses you.
You closely miss the rat. The rat closely misses you.
You scratch the rat.
You kill the rat!
No target in view!
No target in view!
No target in view!
You see here a rat corpse.
A hobgoblin comes into view.
A hobgoblin is nearby!
A hobgoblin is nearby!
A hobgoblin is nearby!
A hobgoblin is nearby!
You pounce on the unaware helpless hobgoblin!
You scratch the hobgoblin. Your bite misses the hobgoblin.
The hobgoblin is severely wounded.
The hobgoblin hits you.
You scratch the hobgoblin but do no damage.
The hobgoblin is severely wounded.
The hobgoblin hits you.
You are too injured to fight recklessly!
You are too injured to fight recklessly!
You scratch the hobgoblin but do no damage.
The hobgoblin is severely wounded.
The hobgoblin hits you.
* * * LOW HITPOINT WARNING * * *
You scratch the hobgoblin but do no damage.
The hobgoblin is severely wounded.
The hobgoblin barely misses you.
You closely miss the hobgoblin.
The hobgoblin is severely wounded.
The hobgoblin hits you.
You die...

.###... #.# #
##....... #####.#
# ..†.r....
#.....# #
##.###...
.#######.....# #
##.....
.............# #
...###
.#######.....#
.#.# ###.....###
.#.# #..........
.#.###.
#@###.......
.......
........g.....####
#..###.
........#######
##.... #.####### #
..... ..##### ###


You could see a hobgoblin.

Vanquished Creatures
  2 giant cockroaches (D:1)
  5 hobgoblins (D:1)
  7 jackals (D:1)
  5 kobolds (D:1)
  2 bats (D:1)
  5 frilled lizards (D:1)
  3 rats (D:1)
29 creatures vanquished.

Notes
Turn   | Place    | Note
-------+----------+-------------------------------------------
     0 | D:1      | hawla the Felid Earth Elementalist began the quest for the
                  | Orb.
     0 | D:1      | Reached XP level 1. HP: 7/7 MP: 4/4
   349 | D:1      | Reached XP level 2. HP: 11/11 MP: 4/6
  1001 | D:1      | Reached XP level 3. HP: 5/14 MP: 0/7
  1460 | D:1      | Slain by a hobgoblin

Illustrated notes

Levels and vault maps discovered:
D:1:      noname_arrival_rooms_in_the_neighbourhood, layout_loops_ring,
          chequers_jeans

Skill      XL: |  1  2 |
---------------+-------+-----
Earth Magic    | 3 |  3.2
Dodging        | 3 |  3.0
Stealth        | |  2.7
Unarmed Combat | |  0.1
Spellcasting   | |  2.6
Transmutations | |  1.1

Action                   || total
-------------------------++-------
Melee: Unarmed           ||    38
 Cast: Sandblast         ||    36
  Use: Scroll            ||     1
 Stab: Sleeping          ||     5
Armor: Skin              ||     3
Dodge: Dodged            ||    36
